 Dungeon Crawl Stone Soup version 0.30-a0-718-geaa24f58ff (webtiles) character file.

Game seed: 13922127052863095950

32 zinnoa the Insei (level 3, 0/18 HPs)
             Began as a Vine Stalker Transmuter on Jan 26, 2023.
             Succumbed to an adder's poison
             ... on level 2 of the Dungeon.
             The game lasted 00:03:01 (866 turns).

zinnoa the Insei (Vine Stalker Transmuter)           Turns: 866, Time: 00:03:01

Health: 0/18       AC:  2    Str: 14    XL:     3   Next: 25%
Magic:  1/7        EV: 12    Int: 13    God:
Gold:   47         SH:  0    Dex: 14    Spells: 6/7 levels left

rFire   . . .      SeeInvis .      - Unarmed
rCold   . . .      Faith    .    (no shield)
rNeg    . . .      Spirit   +    a - +0 robe
rPois   .          Reflect  .    (helmet currently unavailable)
rElec   .          Harm     .    (no cloak)
rCorr   .          Rampage  .    (no gloves)
Will    .....                    (boots currently unavailable)
Stlth   +                        (no amulet)
HPRegen 0.23/turn                (no ring)
MPRegen 0.10/turn                (no ring)

@: lethally poisoned (0 -> -2), appendages
A: horns 2, talons 2, fangs 2, magic shield, antimagic bite, no potion heal 2
a: End Transformation


You were on level 2 of the Dungeon.
You had temporarily grown beastly horns and talons.
You visited 1 branch of the dungeon, and saw 2 of its levels.

You collected 47 gold pieces.

Inventory:

Armour
 a - a +0 robe (worn)
 e - a +0 helmet (melded)
Jewellery
 j - a ring of protection from cold
Scrolls
 d - a scroll of brand weapon {unknown}
 f - 4 scrolls of poison {unknown}
 g - a scroll of fear {unknown}
Potions
 b - a potion of lignification
 c - a potion of mutation {unknown}
 h - a potion of curing {unknown}
 i - a potion of might {unknown}


   Skills:
 * Level 1.2 Fighting
 * Level 1.8 Dodging
 + Level 3.4 Unarmed Combat
 * Level 2.5 Spellcasting
 + Level 2.2 Transmutations


You had 6 spell levels left.
You knew the following spells:

 Your Spells              Type           Power      Damage    Failure   Level
a - Beastly Appendage     Tmut           14%        N/A       10%         1

Your spell library contained the following spells:

 Spells                   Type           Power      Damage    Failure   Level
 Wereblood                Tmut           7%         N/A       14%         2
 Spider Form              Tmut/Pois      4%         N/A       41%         3
 Ice Form                 Ice/Tmut       4%         N/A       83%         4


Dungeon Overview and Level Annotations

Branches:
Dungeon (2/15)

Altars:


Innate Abilities, Weirdness & Mutations

You have temporarily grown beastly horns and talons.
You have extremely sharp teeth.
When hurt, damage is shared between your health and your magic reserves.
Your bite disrupts and absorbs the magic of your enemies.
Potions cannot restore your health.


Message History

The adder is moderately wounded.
The adder bites you.
You are poisoned.
The adder poisons you!
The quokka bites you but does no damage.
The adder bites you.
Your magical contamination has completely faded away.
You hit the adder. Your bite misses the adder.
The adder is moderately wounded.
You feel sick. The quokka closely misses you. The adder barely misses you.
You hit the adder. Your kick misses the adder.
The adder is heavily wounded.
You feel sick. The quokka bites you. The adder misses you.
You are too injured to fight recklessly!
You are too injured to fight recklessly!
You are too injured to fight recklessly!
You are too injured to fight recklessly!
You are too injured to fight recklessly!
You are too injured to fight recklessly!
You are too injured to fight recklessly!
You are too injured to fight recklessly!
You are too injured to fight recklessly!
You are too injured to fight recklessly!
You are too injured to fight recklessly!
You are too injured to fight recklessly!
You are too injured to fight recklessly!
You are too injured to fight recklessly!
You closely miss the adder. Your headbutt misses the adder.
Your bite misses the adder.
The adder is heavily wounded.
You feel sick. The adder barely misses you. The quokka bites you.
* * * LOW HITPOINT WARNING * * *
You hit the adder. You claw the adder, but do no damage.
Your headbutt misses the adder.
The adder is almost dead.
You feel sick. The adder completely misses you. The quokka bites you.
* * * LOW HITPOINT WARNING * * *
You barely miss the adder. You claw the adder.
You kill the adder!
You die...

#.#........##
#...........##
#............# #
#............# .#
#............# ..#
.#..........###....
##.....?.........#
##.?.<..........#
.....#.....@!.....#
..####..###r....#..
. #... #........
##.$ #.....##.
##..$.....#
##......# <.....#
#)......


You could see a quokka.

Vanquished Creatures
  An adder (D:2)
  A ball python (D:1)
  3 bats (D:1)
  5 endoplasms
  2 goblins (D:1)
  2 hobgoblins (D:1)
  8 jackals (D:1)
  3 frilled lizards (D:1)
  A rat (D:1)
26 creatures vanquished.

Notes
Turn   | Place    | Note
-------+----------+-------------------------------------------
     0 | D:1      | zinnoa the Vine Stalker Transmuter began the quest for the
                  | Orb.
     0 | D:1      | Reached XP level 1. HP: 9/9 MP: 4/4
    35 | D:1      | Reached skill level 1 in Fighting
    43 | D:1      | Reached XP level 2. HP: 3/14 MP: 0/6
   443 | D:1      | Reached XP level 3. HP: 5/18 MP: 3/7
   866 | D:2      | Succumbed to an adder's poison

Illustrated notes

Levels and vault maps discovered:
D:1:      reono_arrival_mine, layout_loops_ring
D:2:      layout_rooms, basic_ecumenical_altar

Skill      XL: |  1 |
---------------+----+-----
Fighting       | 1 |  1.2
Dodging        | |  1.8
Unarmed Combat | |  3.4
Spellcasting   | |  2.5
Transmutations | |  2.2

Action                     || total
---------------------------++-------
  Melee: Unarmed           ||    60
         Kick              ||    10
         Headbutt          ||     7
         Bite              ||    10
   Cast: Beastly Appendage ||    10
   Stab: Sleeping          ||     1
 Armour: Robe              ||    18
  Dodge: Dodged            ||    41

Table legend: (Time is in decaauts)
 A = Elapsed time spent in this place.
 B = Non-inter-level travel time spent in this place.
 C = Inter-level travel time spent in this place.
 D = Time resting spent in this place.
 E = Time spent auto-exploring this place.
 F = Levels seen in this place.
 G = Mean time per level.
                   A        B        C        D        E       F      G
               +--------+--------+--------+--------+--------+-----+--------+
         Total |    862 |    848 |     14 |     82 |    608 |   2 |  431.0 |
       Dungeon |    862 |    848 |     14 |     82 |    608 |   2 |  431.0 |
               +--------+--------+--------+--------+--------+-----+--------+

Top non-repeatable levels by time:
     D:1: 844 daAuts
     D:2: 17 daAuts
